 Dungeon Crawl Stone Soup version 0.29.0-4-gdea44cf6ec (webtiles) character file.

Game seed: 776431082885631282

21382 qw the Severer (level 12, -3/115 HPs)
             Began as a Minotaur Berserker on Sept 6, 2022.
             Was an Elder of Trog.
             Slain by a sixfirhy (11 damage)
             ... on level 1 of the Abyss.
             The game lasted 00:04:36 (15332 turns).

qw the Severer (Minotaur Berserker)                Turns: 15332, Time: 00:04:36

Health: -3/115     AC: 18    Str: 27    XL:     12   Next: 53%
Magic:  11/11      EV: 10    Int:  9    God:    Trog [****..]
Gold:   701        SH:  6    Dex: 10    Spells: 11/11 levels left

rFire   + . .      SeeInvis .   Y - +1 war axe
rCold   + + .      Faith    .   e - +0 buckler
rNeg    + . .      Spirit   .   v - +2 chain mail {rF+}
rPois   +          Reflect  .   u - +1 hat {Will+}
rElec   .          Harm     .   (no cloak)
rCorr   .          Rampage  .   s - +1 pair of gloves
Will    +....                   h - +0 pair of boots
Stlth   ..........              m - amulet of the acrobat
HPRegen 0.29/turn               l - ring "Cavvuu Vekli" {Contam rC++ rN+ Int+5}
MPRegen 0.12/turn               o - ring of poison resistance

@: about to teleport, on berserk cooldown, slowed, very slow
A: horns 2, retaliatory headbutt
a: Renounce Religion, Berserk, Trog's Hand, Brothers in Arms


You were on level 1 of the Abyss.
You worshipped Trog.
Trog was greatly pleased with you.
You visited 2 branches of the dungeon, and saw 13 of its levels.
You visited the Abyss 1 time.

You collected 701 gold pieces.


Innate Abilities, Weirdness & Mutations

You have a pair of horns on your head.
You reflexively headbutt those who attack you in melee.


   Skills:
 + Level 13.1 Fighting
 - Level 16.0 Axes
 - Level 3.1 Throwing
 - Level 10.0 Armour
 - Level 5.0 Dodging
 - Level 9.6 Shields


You had 11 spell levels left.
You didn't know any spells.
Your spell library was empty.

Inventory:

Hand Weapons
 r - a +6 morningstar of freezing
 Y - a +1 war axe (weapon)
Missiles
 d - 8 boomerangs (quivered)
Armour
 c - +0 ice dragon scales
 e - a +0 buckler (worn)
 h - a +0 pair of boots (worn)
 s - a +1 pair of gloves (worn)
 t - a +0 plate armour
 u - a +1 hat of willpower (worn)
 v - a +2 chain mail of fire resistance (worn)
Jewellery
 b - a +4 ring of slaying {mikee}
 f - a ring of fire
 l - the ring "Cavvuu Vekli" (left hand) {Contam rC++ rN+ Int+5}
   (You found it on level 6 of the Dungeon)

   [ring of positive energy]

   Int:       It affects your intelligence (+5).
   rC:        It greatly protects you from cold.
   rN:        It protects you from negative energy.
   Contam:    It causes magical contamination when unequipped.
 m - an amulet of the acrobat (around neck)
 o - a ring of poison resistance (right hand)
Scrolls
 a - 4 scrolls of identify
 p - 5 scrolls of teleportation
Potions
 g - 5 potions of curing
 i - a potion of might
 j - 3 potions of heal wounds
 k - a potion of resistance
 q - 3 potions of haste

Dungeon Overview and Level Annotations

Branches:
Dungeon (10/15)            Temple (0/1) D:5            Lair (3/5) D:10
 Shoals (0/4) Lair:2       Spider (0/4) Lair:2
    Orc: D:9-12

Altars:
Hepliaklqana

Annotations:
Lair:3 Sonja


Message History

The large abomination is almost destroyed.
You completely miss the large abomination.
You headbutt the large abomination.
The large abomination is almost destroyed.
The large abomination hits you!
You slash the large abomination!
You destroy the large abomination!
Trog accepts your kill.
You feel a strong urge to attack something.
You are no longer berserk.
You are exhausted.
You feel yourself slow down.
15310 ||| INVOKING Trog's Hand.
Your skin crawls.
You feel strong-willed.
You feel the effects of Trog's Hand fading.
A sixfirhy comes into view.
Your skin stops crawling.
You feel less strong-willed. You block the sixfirhy's attack.
The sixfirhy completely misses you. You furiously retaliate!
You headbutt the sixfirhy! You slash the sixfirhy!
Your headbutt misses the sixfirhy.
The sixfirhy is heavily wounded.
The sixfirhy hits you. The sixfirhy shocks you!
The sixfirhy closely misses you. The sixfirhy barely misses you.
The sixfirhy hits you but does no damage.
You miss the sixfirhy.
The sixfirhy is heavily wounded.
The sixfirhy hits you. The sixfirhy shocks you!
The sixfirhy hits you but does no damage.
You closely miss the sixfirhy. Your headbutt misses the sixfirhy.
The sixfirhy is heavily wounded.
You miss the sixfirhy. Your headbutt misses the sixfirhy.
The sixfirhy is heavily wounded.
The sixfirhy hits you. The sixfirhy shocks you!
15332 ||| READING 6 scrolls of teleportation.
As you read the scroll of teleportation, it crumbles to dust.
You feel strangely unstable.
You feel the power of the Abyss delaying your translocation!
The sixfirhy hits you but does no damage.
You block the sixfirhy's attack. The sixfirhy hits you!
The sixfirhy shocks you!
You die...

..###. .## .#
.....#..##.#.
......... ..
...........
..........
#...#...#.
##.3.......
#..@.......
#..........
##.......#.
#......... . .
......##.. #.
......##.# #
.ยค...........#
# ##.#.......#
#.### #...... .


You could see a sixfirhy.

Vanquished Creatures
  An Executioner (Abyss:1)
  Gastronok (Lair:1)
  Harold (Lair:1)
  A hydra (Lair:2)
  3 merfolk sirens (Lair:2)
  5 elephants (Lair:1)
  A black mamba (Lair:2)
  2 cane toads
  A smoke demon (Abyss:1)
  2 unseen horrors
  2 komodo dragons
  3 trolls
  A merfolk (Lair:2)
  4 polar bears (Lair:2)
  5 blink frogs (Lair:1)
  A large abomination (Abyss:1)
  2 wyverns
  29 yaks
  A steam dragon (Lair:2)
  An acid dragon (D:8)
  4 water moccasins
  2 black bears
  2 sky beasts
  2 ice beasts
  2 orc warriors (D:8)
  14 wolves
  2 ogres (D:7)
  3 centaurs
  3 phantoms
  2 kobold brigands
  3 bullfrogs
  5 necrophages
  3 gnoll sergeants
  3 scorpions
  12 wights
  2 electric eels (Lair:2)
  3 jellies
  5 hounds
  A gnoll bouda (D:7)
  4 orc priests
  An iguana (D:7)
  5 orc wizards
  20 gnolls
  6 adders
  A shadow imp (D:7)
  A worm (D:4)
  2 dart slugs
  34 orcs
  5 endoplasms
  A giant cockroach (D:4)
  15 goblins
  4 hobgoblins
  4 jackals (D:4)
  5 quokkas
  6 ball pythons
  9 bats
  5 frilled lizards
  14 kobolds
  6 rats
288 creatures vanquished.

Vanquished Creatures (collateral kills)
  A water moccasin (Lair:2)
  A wolf (Lair:2)
2 creatures vanquished.

Vanquished Creatures (others)
  A bush (Lair:1)
  5 fungi
  31 plants
37 creatures vanquished.

Grand Total: 327 creatures vanquished

Notes
Turn   | Place    | Note
-------+----------+-------------------------------------------
     0 | D:1      | qw the Minotaur Berserker began the quest for the Orb.
     0 | D:1      | Reached XP level 1. HP: 19/19 MP: 0/0
     0 | D:1      | 0 ||| qw: Version: 0.1-a-107-g9ff403c
     0 | D:1      | 0 ||| qw: Game counter: 6043
     0 | D:1      | 0 ||| qw: Always use a shield: true
     0 | D:1      | 0 ||| qw: Do Orc after D:15 true
     0 | D:1      | 0 ||| qw: Do second Lair branch before Depths: true
     0 | D:1      | 0 ||| qw: Lair rune preference: random
     0 | D:1      | 0 ||| qw: Plans: Normal
     0 | D:1      | 0 ||| PLANNING D:1-11
    26 | D:1      | 26 ||| INVOKING Berserk.
    29 | D:1      | Reached skill level 4 in Axes
    29 | D:1      | Reached XP level 2. HP: 26/26 MP: 1/1
   321 | D:1      | 321 ||| Stepping ~*~*~tactically~*~*~ (stealth).
   348 | D:1      | Found a faded altar of an unknown god.
   380 | D:1      | 380 ||| DROPPING +0 club.
   433 | D:1      | Reached skill level 5 in Axes
   449 | D:1      | 449 ||| Stepping ~*~*~tactically~*~*~ (hiding).
   459 | D:1      | Reached XP level 3. HP: 28/31 MP: 2/2
   466 | D:1      | 466 ||| Stepping ~*~*~tactically~*~*~ (stealth).
   508 | D:1      | Reached ** piety under Trog
   769 | D:1      | 769 ||| Stepping ~*~*~tactically~*~*~ (stealth).
   832 | D:1      | 832 ||| UPGRADING to +0 chain mail.
   842 | D:1      | 842 ||| DROPPING +0 animal skin.
   843 | D:1      | 843 ||| READING scroll labelled HEK PEENOT.
   844 | D:1      | 844 ||| READING scroll labelled XIATSO ILINU.
   845 | D:1      | 845 ||| READING scroll labelled KAFEMY XAICZUH.
  1564 | D:2      | Reached skill level 6 in Axes
  1564 | D:2      | Reached XP level 4. HP: 39/39 MP: 3/3
  1849 | D:2      | 1849 ||| UPGRADING to +0 pair of boots.
  1854 | D:2      | 1854 ||| UPGRADING to +0 pair of gloves.
  1859 | D:2      | 1859 ||| UPGRADING to +4 ring of slaying {mikee}.
  1860 | D:2      | 1860 ||| READING scroll labelled ROOXTOSEPN.
  1861 | D:2      | 1861 ||| READING scroll labelled COLOTI FOJEMP.
  1862 | D:2      | 1862 ||| READING scroll labelled ZACION NEDUTS.
  1863 | D:2      | 1863 ||| DRINKING 2 viscous pink potions.
  1864 | D:2      | 1864 ||| DRINKING 2 purple potions.
  1865 | D:2      | 1865 ||| READING 5 scrolls of identify.
  1865 | D:2      | 1865 ||| IDENTIFYING white potion
  1866 | D:2      | 1866 ||| READING 4 scrolls of identify.
  1866 | D:2      | 1866 ||| IDENTIFYING fizzy pink potion
  1867 | D:2      | 1867 ||| READING 3 scrolls of identify.
  1867 | D:2      | 1867 ||| IDENTIFYING lumpy yellow potion
  1868 | D:2      | 1868 ||| DROPPING potion of lignification.
  1869 | D:2      | 1869 ||| DROPPING potion of magic.
  1870 | D:2      | 1870 ||| Stepping randomly (stuck).
  1871 | D:2      | 1871 ||| Stepping ~*~*~tactically~*~*~ (cloud).
  2020 | D:3      | 2020 ||| STAIRDANCE
  2319 | D:3      | 2319 ||| Stepping ~*~*~tactically~*~*~ (stealth).
  2324 | D:3      | 2324 ||| Stepping ~*~*~tactically~*~*~ (stealth).
  2342 | D:3      | 2342 ||| Stepping ~*~*~tactically~*~*~ (stealth).
  2343 | D:3      | 2343 ||| Stepping ~*~*~tactically~*~*~ (stealth).
  2344 | D:3      | 2344 ||| Stepping ~*~*~tactically~*~*~ (stealth).
  2345 | D:3      | 2345 ||| Stepping ~*~*~tactically~*~*~ (stealth).
  2353 | D:3      | 2353 ||| Stepping ~*~*~tactically~*~*~ (stealth).
  2361 | D:3      | 2361 ||| Stepping ~*~*~tactically~*~*~ (stealth).
  2369 | D:3      | 2369 ||| FLEEEEING.
  2406 | D:3      | 2406 ||| SWAPPING to +0 war axe.
  2407 | D:3      | 2407 ||| DROPPING +1 hand axe.
  2412 | D:3      | 2412 ||| READING scroll of enchant weapon.
  2412 | D:3      | 2412 ||| ENCHANTING +0 war axe.
  2729 | D:3      | 2729 ||| UPGRADING to amulet of the acrobat.
  2734 | D:3      | 2734 ||| UPGRADING to ring of poison resistance.
  2735 | D:3      | 2735 ||| READING 2 scrolls of identify.
  2735 | D:3      | 2735 ||| IDENTIFYING fizzy black potion
  2736 | D:3      | 2736 ||| DROPPING potion of attraction.
  2764 | D:4      | 2764 ||| STAIRDANCE
  2766 | D:4      | 2766 ||| STAIRDANCE
  2832 | D:4      | Reached skill level 7 in Axes
  2832 | D:4      | Reached XP level 5. HP: 34/45 MP: 4/4
  2968 | D:4      | 2968 ||| DROPPING +0 whip.
  3060 | D:4      | 3060 ||| INVOKING Berserk.
  3197 | D:4      | 3197 ||| INVOKING Berserk.
  3260 | D:4      | Reached XP level 6. HP: 52/53 MP: 5/5
  3310 | D:4      | Reached skill level 8 in Axes
  3315 | D:4      | 3315 ||| Stepping ~*~*~tactically~*~*~ (stealth).
  3333 | D:4      | Reached skill level 3 in Armour
  3335 | D:4      | Reached *** piety under Trog
  3469 | D:4      | 3469 ||| DROPPING ring of magical power.
  3470 | D:4      | 3470 ||| READING scroll labelled JENUIJ HIMU.
  3475 | D:4      | 3475 ||| READING scroll labelled HINLAI TUCIK.
  3476 | D:4      | 3476 ||| READING 2 scrolls of identify.
  3476 | D:4      | 3476 ||| IDENTIFYING green potion
  3487 | D:5      | Entered Level 5 of the Dungeon
  3635 | D:5      | 3635 ||| INVOKING Berserk.
  3637 | D:5      | Noticed a water moccasin
  3642 | D:5      | Killed a water moccasin
  3643 | D:5      | Reached skill level 9 in Axes
  3643 | D:5      | Reached XP level 7. HP: 60/60 MP: 6/6
  3785 | D:5      | Found a staircase to the Ecumenical Temple.
  3923 | D:5      | Reached skill level 10 in Axes
  4035 | D:5      | 4035 ||| Stepping ~*~*~tactically~*~*~ (hiding).
  4043 | D:5      | 4043 ||| Stepping ~*~*~tactically~*~*~ (stealth).
  4151 | D:5      | 4151 ||| Stepping ~*~*~tactically~*~*~ (stealth).
  4153 | D:5      | 4153 ||| Stepping ~*~*~tactically~*~*~ (stealth).
  4450 | D:5      | Reached XP level 8. HP: 70/70 MP: 7/7
  4637 | D:6      | 4637 ||| STAIRDANCE
  4639 | D:5      | 4639 ||| INVOKING Berserk.
  4641 | D:5      | Reached skill level 6 in Fighting
  4746 | D:6      | 4746 ||| STAIRDANCE
  4768 | D:6      | 4768 ||| STAIRDANCE
  4905 | D:6      | 4905 ||| Stepping ~*~*~tactically~*~*~ (stealth).
  4906 | D:6      | 4906 ||| Stepping ~*~*~tactically~*~*~ (hiding).
  4907 | D:6      | 4907 ||| Stepping ~*~*~tactically~*~*~ (hiding).
  4912 | D:6      | Reached skill level 1 in Throwing
  5179 | D:6      | Reached skill level 11 in Axes
  5206 | D:6      | 5206 ||| INVOKING Berserk.
  5355 | D:6      | 5355 ||| READING 3 scrolls of identify.
  5355 | D:6      | 5355 ||| IDENTIFYING golden potion
  5356 | D:6      | 5356 ||| DROPPING potion of berserk rage.
  5357 | D:6      | 5357 ||| Stepping randomly (stuck).
  5516 | D:6      | 5516 ||| Stepping ~*~*~tactically~*~*~ (hiding).
  5517 | D:6      | 5517 ||| Stepping ~*~*~tactically~*~*~ (hiding).
  5518 | D:6      | 5518 ||| Stepping ~*~*~tactically~*~*~ (hiding).
  5631 | D:6      | Identified the ring "Cavvuu Vekli" {Contam rC++ rN+ Int+5}
  5907 | D:6      | 5907 ||| DROPPING ring of ice.
  5908 | D:6      | 5908 ||| UPGRADING to ring "Cavvuu Vekli" {Contam rC++ rN+
                  | Int+5}.
  5910 | D:6      | 5910 ||| READING 2 scrolls of identify.
  5910 | D:6      | 5910 ||| IDENTIFYING fuming clear potion
  5911 | D:6      | 5911 ||| DROPPING potion of flight.
  5940 | D:7      | 5940 ||| STAIRDANCE
  6117 | D:7      | 6117 ||| INVOKING Berserk.
  6246 | D:7      | 6246 ||| Stepping ~*~*~tactically~*~*~ (stealth).
  6253 | D:7      | Reached skill level 12 in Axes
  6381 | D:7      | 6381 ||| Stepping ~*~*~tactically~*~*~ (hiding).
  6382 | D:7      | 6382 ||| Stepping ~*~*~tactically~*~*~ (stealth).
  6403 | D:7      | 6403 ||| INVOKING Berserk.
  6627 | D:7      | 6627 ||| INVOKING Berserk.
  6789 | D:7      | Found a faded altar of an unknown god.
  6810 | D:7      | 6810 ||| INVOKING Berserk.
  6813 | D:7      | Reached XP level 9. HP: 79/79 MP: 8/8
  7104 | D:7      | 7104 ||| INVOKING Berserk.
  7161 | D:7      | 7161 ||| DROPPING +0 flail.
  7315 | D:7      | 7315 ||| INVOKING Berserk.
  7501 | D:7      | Reached skill level 13 in Axes
  7586 | D:7      | 7586 ||| UPGRADING to +0 buckler.
  7655 | D:8      | 7655 ||| Stepping ~*~*~tactically~*~*~ (hiding).
  7662 | D:8      | Reached skill level 1 in Shields
  7823 | D:8      | Reached skill level 3 in Shields
  8121 | D:8      | 8121 ||| INVOKING Berserk.
  8337 | D:8      | 8337 ||| FLEEEEING.
  8338 | D:8      | 8338 ||| FLEEEEING.
  8339 | D:8      | 8339 ||| FLEEEEING.
  8340 | D:8      | 8340 ||| FLEEEEING.
  8341 | D:8      | 8341 ||| FLEEEEING.
  8342 | D:8      | 8342 ||| FLEEEEING.
  8343 | D:8      | 8343 ||| FLEEEEING.
  8344 | D:8      | 8344 ||| FLEEEEING.
  8345 | D:8      | 8345 ||| FLEEEEING.
  8346 | D:8      | 8346 ||| FLEEEEING.
  8353 | D:8      | 8353 ||| STAIRDANCE
  8403 | D:7      | 8403 ||| UPGRADING to +0 plate armour.
  8413 | D:7      | 8413 ||| DROPPING +0 chain mail.
  8414 | D:7      | 8414 ||| READING scroll labelled OPNIRU ANEA.
  8560 | D:7      | 8560 ||| READING scroll labelled TERYEM KOSKY.
  8720 | D:8      | 8720 ||| INVOKING Berserk.
  8722 | D:8      | Reached skill level 6 in Armour
  8997 | D:8      | 8997 ||| INVOKING Berserk.
  9005 | D:8      | Reached XP level 10. HP: 89/89 MP: 9/9
  9005 | D:8      | Reached **** piety under Trog
  9716 | D:9      | 9716 ||| FLEEEEING.
  9721 | D:9      | 9721 ||| FLEEEEING.
  9722 | D:9      | 9722 ||| FLEEEEING.
  9723 | D:9      | 9723 ||| FLEEEEING.
  9724 | D:9      | 9724 ||| FLEEEEING.
  9725 | D:9      | 9725 ||| FLEEEEING.
  9726 | D:9      | 9726 ||| FLEEEEING.
  9727 | D:9      | 9727 ||| FLEEEEING.
  9728 | D:9      | 9728 ||| FLEEEEING.
  9729 | D:9      | 9729 ||| FLEEEEING.
  9730 | D:9      | 9730 ||| FLEEEEING.
  9731 | D:9      | 9731 ||| FLEEEEING.
  9732 | D:9      | 9732 ||| FLEEEEING.
  9733 | D:9      | 9733 ||| FLEEEEING.
  9734 | D:9      | 9734 ||| FLEEEEING.
  9735 | D:9      | 9735 ||| FLEEEEING.
  9736 | D:9      | 9736 ||| FLEEEEING.
  9737 | D:9      | 9737 ||| FLEEEEING.
  9738 | D:9      | 9738 ||| FLEEEEING.
  9961 | D:9      | 9961 ||| INVOKING Berserk.
  9967 | D:9      | Reached skill level 14 in Axes
 10131 | D:9      | 10131 ||| INVOKING Berserk.
 10464 | D:9      | Reached skill level 15 in Axes
 10787 | D:9      | 10787 ||| READING scroll labelled FYIDEFUISS.
 10788 | D:9      | 10788 ||| READING 3 scrolls of identify.
 10788 | D:9      | 10788 ||| IDENTIFYING fizzy golden potion
 10814 | D:10     | Entered Level 10 of the Dungeon
 10868 | D:10     | 10868 ||| INVOKING Berserk.
 10991 | D:10     | Reached skill level 9 in Fighting
 11055 | D:10     | 11055 ||| Stepping ~*~*~tactically~*~*~ (stealth).
 11246 | D:10     | 11246 ||| INVOKING Berserk.
 11564 | D:10     | 11564 ||| Stepping ~*~*~tactically~*~*~ (stealth).
 11671 | D:10     | Found a hazy altar of Hepliaklqana.
 11796 | D:10     | Found a staircase to the Lair.
 11809 | D:10     | 11809 ||| INVOKING Berserk.
 11813 | D:10     | Reached XP level 11. HP: 97/97 MP: 10/10
 11951 | D:10     | 11951 ||| PLANNING LAIR
 11951 | D:10     | 11951 ||| UPGRADING to +1 pair of gloves.
 11961 | D:10     | 11961 ||| DROPPING +0 pair of gloves.
 11962 | D:10     | 11962 ||| READING scroll labelled LAEMUKOISA.
 12069 | Lair:1   | Entered Level 1 of the Lair of Beasts
 12071 | Lair:1   | 12071 ||| Stepping ~*~*~tactically~*~*~ (stealth).
 12073 | Lair:1   | 12073 ||| Stepping ~*~*~tactically~*~*~ (stealth).
 12074 | Lair:1   | 12074 ||| INVOKING Berserk.
 12078 | Lair:1   | Reached skill level 16 in Axes
 12085 | Lair:1   | Reached skill level 6 in Shields
 12095 | Lair:1   | Reached skill level 3 in Dodging
 12307 | Lair:1   | Noticed Gastronok
 12315 | Lair:1   | 12315 ||| INVOKING Berserk.
 12331 | Lair:1   | Killed Gastronok
 12446 | Lair:1   | 12446 ||| Stepping ~*~*~tactically~*~*~ (stealth).
 12464 | Lair:1   | Reached skill level 9 in Armour
 12611 | Lair:1   | 12611 ||| Stepping ~*~*~tactically~*~*~ (stealth).
 12612 | Lair:1   | 12612 ||| Stepping ~*~*~tactically~*~*~ (stealth).
 12642 | Lair:1   | 12642 ||| INVOKING Berserk.
 12692 | Lair:1   | 12692 ||| Stepping ~*~*~tactically~*~*~ (stealth).
 12693 | Lair:1   | 12693 ||| Stepping ~*~*~tactically~*~*~ (stealth).
 12699 | Lair:1   | 12699 ||| INVOKING Berserk.
 12719 | Lair:1   | 12719 ||| Stepping ~*~*~tactically~*~*~ (stealth).
 12722 | Lair:1   | 12722 ||| Stepping ~*~*~tactically~*~*~ (stealth).
 12723 | Lair:1   | 12723 ||| Stepping ~*~*~tactically~*~*~ (stealth).
 12792 | Lair:1   | 12792 ||| Stepping ~*~*~tactically~*~*~ (stealth).
 12944 | Lair:1   | 12944 ||| INVOKING Berserk.
 13004 | Lair:1   | 13004 ||| Stepping ~*~*~tactically~*~*~ (stealth).
 13074 | Lair:1   | Noticed Harold
 13078 | Lair:1   | 13078 ||| INVOKING Berserk.
 13087 | Lair:1   | Killed Harold
 13566 | Lair:1   | 13566 ||| UPGRADING to +1 hat of willpower.
 13571 | Lair:1   | 13571 ||| UPGRADING to +2 chain mail of fire resistance.
 13581 | Lair:1   | 13581 ||| READING scroll labelled TAECRYJAUS.
 13582 | Lair:1   | 13582 ||| READING 4 scrolls of identify.
 13582 | Lair:1   | 13582 ||| IDENTIFYING cyan potion
 13583 | Lair:1   | 13583 ||| DROPPING potion of degeneration.
 13631 | Lair:2   | 13631 ||| INVOKING Berserk.
 13825 | Lair:2   | Found a staircase to the Shoals.
 13827 | Lair:2   | 13827 ||| INVOKING Berserk.
 13999 | Lair:2   | Reached XP level 12. HP: 70/112 MP: 11/11
 14006 | Lair:2   | 14006 ||| INVOKING Berserk.
 14009 | Lair:2   | Reached skill level 12 in Fighting
 14365 | Lair:2   | 14365 ||| Stepping ~*~*~tactically~*~*~ (stealth).
 14366 | Lair:2   | 14366 ||| Stepping ~*~*~tactically~*~*~ (stealth).
 14377 | Lair:2   | 14377 ||| Stepping ~*~*~tactically~*~*~ (stealth).
 14487 | Lair:2   | Found a hole to the Spider Nest.
 14520 | Lair:2   | 14520 ||| Stepping ~*~*~tactically~*~*~ (stealth).
 14524 | Lair:2   | Noticed a four-headed hydra
 14525 | Lair:2   | 14525 ||| INVOKING Brothers in Arms.
 14526 | Lair:2   | 14526 ||| INVOKING Brothers in Arms.
 14530 | Lair:2   | 14530 ||| SWAPPING to +6 morningstar of freezing.
 14531 | Lair:2   | 14531 ||| INVOKING Berserk.
 14537 | Lair:2   | Killed a four-headed hydra
 14599 | Lair:2   | 14599 ||| SWAPPING to +1 war axe.
 14661 | Lair:2   | Reached skill level 3 in Throwing
 15221 | Lair:3   | Noticed Sonja
 15222 | Lair:3   | Noticed an eight-headed hydra
 15223 | Lair:3   | 15223 ||| STAIRDANCE
 15223 | Abyss:1  | Cast into level 1 of the Abyss (Sonja)
 15280 | Abyss:1  | 15280 ||| Stepping ~*~*~tactically~*~*~ (stealth).
 15285 | Abyss:1  | 15285 ||| Stepping ~*~*~tactically~*~*~ (stealth).
 15286 | Abyss:1  | 15286 ||| Stepping ~*~*~tactically~*~*~ (stealth).
 15287 | Abyss:1  | Noticed an Executioner
 15295 | Abyss:1  | 15295 ||| INVOKING Berserk.
 15299 | Abyss:1  | Killed an Executioner
 15299 | Abyss:1  | HP: 43/172 [burnt (1)]
 15300 | Abyss:1  | Reached skill level 9 in Shields
 15305 | Abyss:1  | HP: 36/172 [large abomination (7)]
 15310 | Abyss:1  | 15310 ||| INVOKING Trog's Hand.
 15331 | Abyss:1  | HP: 18/115 [sixfirhy (12)]
 15332 | Abyss:1  | 15332 ||| READING 6 scrolls of teleportation.
 15332 | Abyss:1  | HP: 8/115 [sixfirhy (10)]
 15332 | Abyss:1  | Slain by a sixfirhy

Levels and vault maps discovered:
D:1:      lightli_arrival_maybe_door_vault, layout_rooms,
          ebering_ecumenical_altar_box
D:2:      layout_basic, kennysheep_generic_room_12
D:3:      layout_loops_ring
D:4:      layout_rooms
D:5:      layout_loops_corners, minmay_temple_entry_tees
D:6:      layout_basic, nicolae_concentric_dashed_squares_mild
D:7:      layout_cave_pods, serial_column_ruins, column_ruins_hut,
          column_ruins_temple_circle, column_ruins_grid_1,
          column_ruins_open_tiny, column_ruins_columns_straight,
          column_ruins_columns_straight, column_ruins_open_medium,
          column_ruins_corridor_straight, column_ruins_open_tiny,
          minmay_misc_feat_five, minmay_misc_feat_four_crosses,
          minmay_quadrilaterals
D:8:      layout_basic, dreamdust_princess_corridor
D:9:      layout_irregular_city, serial_rivers, chequers_serial_rivers_micro_d,
          chequers_serial_rivers_small_b, chequers_serial_rivers_room_b,
          chequers_serial_rivers_small_3, chequers_serial_rivers_marsh
D:10:     layout_loops_ring, mainiacjoe_overflow_alcove_2, david_lair_shrubbed
Lair:1:   layout_regular_city, nicolae_lair_grazing_beasts
          [nicolae_sub_lair_graze_edge, nicolae_sub_lair_graze_edge,
          nicolae_sub_lair_graze_edge, nicolae_sub_lair_graze_edge],
          uniq_gastronok, uniq_harold
Lair:2:   layout_chaotic_city, elwin_shoals_entry_rooms,
          spider_nest_entry_web_field, cheibrodos_lair_lostbears,
          grunt_megastairs_2, serial_bayou_shore_b, infiniplex_staircase_pool_2
Lair:3:   nzn_winding_woodlands_small [nzn_winding_woodlands_5x15_crooked,
          nzn_winding_woodlands_center_diamonds,
          nzn_winding_woodlands_5x15_longhouse], layout_gridlike,
          gammafunk_ghost_icy, lemuel_fruit_tree, serial_bayou_shore_b,
          uniq_sonja
Abyss:1:  base:
D:10

Skill      XL: |  1  2  3  4  5  6  7  8  9 10 11 12 |
---------------+-------------------------------------+-----
Axes           | 4 5 6 7 9 10 12 13 15 16 | 16.0
Fighting       | 4 5 7 8 9 11 13 | 13.1
Armour         | 3 4 5 7 8 10 | 10.0
Throwing       | 1 2 3 |  3.1
Shields        | 5 7 9 |  9.6
Dodging        | 4 5 |  5.0

Action                   |  1- 3 |  4- 6 |  7- 9 | 10-12 || total
-------------------------+-------+-------+-------+-------++-------
Melee: Hand axe          |    79 |    32 |       |       ||   111
       Headbutt          |    14 |     7 |    31 |    92 ||   144
       Punch             |     1 |       |     1 |       ||     2
       War axe           |       |    49 |   188 |   392 ||   629
       Morningstar       |       |       |       |    13 ||    13
Throw: Boomerang         |       |    27 |    35 |    73 ||   135
Invok: Berserk           |     1 |     3 |    11 |    16 ||    31
       Trog's Hand       |       |       |       |     1 ||     1
       Brothers in Arms  |       |       |       |     1 ||     1
  Use: Scroll            |     3 |    11 |     4 |     6 ||    24
       Potion            |       |     2 |       |       ||     2
 Stab: Sleeping          |     1 |       |       |       ||     1
Armor: Animal skin       |    10 |       |       |       ||    10
       Chain mail        |    10 |    20 |    68 |    73 ||   171
       Plate armour      |       |       |    14 |   100 ||   114
Dodge: Dodged            |    31 |    33 |    69 |   143 ||   276
Block: Buckler           |       |       |     9 |    87 ||    96

Table legend:
 A = Non-vault XP
 B = Vault XP
 C = Vault XP percentage of total XP
 D = Non-vault monster count
 E = Vault monster count
 F = Vault count percentage of total count
                 A         B        C        D         E       F
            +---------+---------+-------+---------+---------+-------
      Total |   21485 |    9061 |  29.7 |     264 |      26 |   9.0
            +---------+---------+-------+---------+---------+-------
        D:1 |      58 |       0 |   0.0 |      29 |       0 |   0.0
        D:2 |      46 |       1 |   2.1 |      13 |       1 |   7.1
        D:3 |      53 |       0 |   0.0 |      20 |       0 |   0.0
        D:4 |     386 |       0 |   0.0 |      26 |       0 |   0.0
        D:5 |     933 |       0 |   0.0 |      20 |       0 |   0.0
        D:6 |     594 |       0 |   0.0 |      15 |       0 |   0.0
        D:7 |    1030 |     468 |  31.2 |      29 |       6 |  17.1
        D:8 |    2735 |       0 |   0.0 |      33 |       0 |   0.0
        D:9 |    2084 |       0 |   0.0 |      13 |       0 |   0.0
       D:10 |    2363 |     338 |  12.5 |      17 |       1 |   5.6
     Lair:1 |    3879 |    5317 |  57.8 |      19 |      10 |  34.5
     Lair:2 |    5106 |    2937 |  36.5 |      27 |       8 |  22.9
    Abyss:1 |    2218 |       0 |   0.0 |       3 |       0 |   0.0
            +---------+---------+-------+---------+---------+-------
